 Dungeon Crawl Stone Soup version 0.28.0-47-ge53b351184 (webtiles) character file.

Game seed: 18421556773214788590

26590 101zpm the Eclecticist (level 13, -8/69 HPs)
             Began as a Djinni Fire Elementalist on May 10, 2022.
             Was a High Priest of Hepliaklqana.
             Killed by nerve-wracking pain
             ... invoked by an orc high priest
              (9 damage)
             ... on level 2 of the Orcish Mines.
             The game lasted 01:04:50 (15870 turns).

101zpm the Eclecticist (Djinni Fire Elementalist)  Turns: 15870, Time: 01:04:50

Health: -8/69      AC: 10    Str: 13    XL:     13   Next: 59%
Gold:   1302       EV: 10    Int: 22    God:    Hepliaklqana [*****.] SH:  7 Dex: 14

rFire   + + .      SeeInvis .   (no weapon)
rCold   x . .      Faith    .   Q - +0 kite shield
rNeg    . . .      Spirit   .   M - +2 troll leather armour {Snorg}
rPois   ∞          Reflect  .   E - +0 helmet
rElec   .          Harm     .   K - +0 cloak
rCorr   .          Rampage  .   L - +0 pair of gloves
Will    +....                   (boots unavailable)
Stlth   ++........              c - amulet of regeneration
HPRegen 1.81/turn               u - ring of wizardry
MPRegen 0.00/turn               q - +6 ring of strength

@: flying
A: reduced essence, sickness immunity, fire resistance 2, cold vulnerability 1,
float, innate caster, HP casting, extra vitality 1
a: Renounce Religion, Ancestor Life: Knight, Ancestor Life: Battlemage, Ancestor
Life: Hexer, Recall Ancestor, Ancestor Identity, Transference, Idealise


You were on level 2 of the Orcish Mines.
You worshipped Hepliaklqana.
Hepliaklqana was extremely pleased with you.
You visited 3 branches of the dungeon, and saw 17 of its levels.

You collected 1302 gold pieces.

Inventory:

Missiles
 b - 3 silver boomerangs
 e - 5 throwing nets
 h - 13 boomerangs of dispersal
 G - 22 boomerangs
 I - 6 javelins
Armour
 f - the +1 robe of Senuisuw {Str+5 Dex+5 Slay-4}
   (You found it on level 13 of the Dungeon)

   Str:       It affects your strength (+5).
   Dex:       It affects your dexterity (+5).
   Slay:      It affects your accuracy & damage with ranged weapons and melee
   (-4).
 y - the +1 leather armour of Neminucle {Will+}
   (You took it off an orc priest on level 5 of the Dungeon)

   Will:      It increases your willpower.
 D - a +0 robe of willpower
 E - a +0 helmet (worn)
 K - a +0 cloak (worn)
 L - a +0 pair of gloves (worn)
 M - a +2 troll leather armour (worn) {Snorg}
 Q - a +0 kite shield (worn)
Jewellery
 a - a +6 ring of strength
 c - an amulet of regeneration (around neck)
 q - a +6 ring of strength (right hand)
 r - an amulet of faith
 u - a ring of wizardry (left hand)
Wands
 p - a wand of acid (19)
 N - a wand of polymorph (8)
 O - a wand of flame (17)
 P - a wand of iceblast (17)
Scrolls
 d - 4 scrolls of fog
 i - 5 scrolls of teleportation
 j - 5 scrolls of blinking
 o - a scroll of silence
 x - 3 scrolls of enchant weapon
 H - 2 scrolls of noise
Potions
 g - 9 potions of curing
 k - 3 potions of lignification
 l - 4 potions of heal wounds
 m - a potion of magic
 n - 4 potions of flight {unknown}
 s - 4 potions of resistance {unknown}
 t - a potion of haste {unknown}
 v - 2 potions of invisibility {unknown}
 w - a potion of mutation {unknown}
 z - a potion of ambrosia {unknown}
 A - a potion of cancellation {unknown}
 B - a potion of attraction {unknown}
 C - a potion of brilliance {unknown}
 F - 2 potions of might {unknown}
 J - a potion of degeneration {unknown}


   Skills:
 + Level 1.4 Fighting
 + Level 3.3 Armour
 + Level 3.6 Dodging
 + Level 4.0 Stealth
 + Level 16.3 Spellcasting


You had 12 spell levels left.
You knew the following spells:

 Your Spells              Type           Power      Damage    Failure   Level
a - Foxfire               Conj/Fire      100%       2x1d9     0%          1
b - Scorch                Fire           100%       2d10      1%          2
c - Conjure Flame         Conj/Fire      74%        6-21      1%          3
d - Inner Flame           Hex/Fire       74%        N/A       1%          3
e - Flame Wave            Conj/Fire      74%        2d13      1%          4
f - Summon Small Mammal   Summ           100%       N/A       0%          1
g - Blink                 Tloc           100%       N/A       1%          2
h - Static Discharge      Conj/Air       74%        N/A       1%          2
i - Hailstorm             Conj/Ice       74%        3d15      1%          4
j - Agony                 Necr           74%        N/A       1%          5
k - Silence               Hex/Air        37%        N/A       1%          5
Your spell library was empty.

Dungeon Overview and Level Annotations

Branches:
Dungeon (14/15)            Temple (1/1) D:6            Lair (0/6) D:9
    Orc (2/2) D:10
    Elf: Orc:2       Vaults: D:13-14

Altars:
Ashenzari
Cheibriados
Dithmenos
Elyvilon
Fedhas
Gozag
Hepliaklqana
Kikubaaqudgha
Makhleb
Nemelex Xobeh
Okawaru
Qazlal
Ru
Sif Muna
Trog
Uskayaw
Vehumet
Wu Jian
Xom
Yredelemnul
Zin
The Shining One
Jiyva

Shops:
D:4 (   D:12 =

Annotations:
D:12 2 transporters
D:13 4 runed translucent doors
Orc:2 Saint Roka


Innate Abilities, Weirdness & Mutations

Your life essence is reduced to manifest your ancestor. (-10% HP)
You are immune to sickness and miasma.
You are immune to poison.
Your flesh is very heat resistant. (rF++)
You are vulnerable to cold. (rC-)
You float through the air rather than walking.
You learn spells naturally, not from books.
Your magical power is your life essence.
You have superior vitality. (+4 MHP)


Message History

The foxfire hits Saint Roka.
Flame seeps out of Saint Roka.
Saint Roka is severely wounded.
The sixfirhy is engulfed in blazing flames. x2
Saint Roka is engulfed in blazing flames.
Flame seeps out of Saint Roka.
The sixfirhy is engulfed in blazing flames. x2
Casting: Foxfire (safe; 0% risk of failure)
Confirm with . or Enter, or press ? or * to list all spells.
Flames lash Saint Roka but do no damage.
You hear a shout!
The foxfire hits Saint Roka!
Flame seeps out of Saint Roka.
Saint Roka is severely wounded.
The sixfirhy is engulfed in blazing flames.
The foxfire hits Saint Roka but does no damage.
Saint Roka is severely wounded.
The sixfirhy is engulfed in blazing flames. x4
The foxfire hits Saint Roka but does no damage.
Saint Roka is severely wounded.
An orc priest comes into view. It is wielding a +0 hand axe.
Saint Roka is engulfed in blazing flames.
Flame seeps out of Saint Roka.
The sixfirhy is engulfed in blazing flames.
The orc high priest mumbles some strange prayers to Beogh against you.
Beogh smites you!
* * * LOW HITPOINT WARNING * * *
Casting: Scorch (safe; 1% risk of failure)
Confirm with . or Enter, or press ? or * to list all spells.
Flames lash Saint Roka but do no damage.
* * * LOW HITPOINT WARNING * * *
The sixfirhy is engulfed in blazing flames. x3
The chaos spawn is engulfed in blazing flames.
Saint Roka is engulfed in blazing flames.
Flame seeps out of Saint Roka.
Saint Roka mumbles some strange prayers to Beogh against you.
Beogh smites you!
* * * LOW HITPOINT WARNING * * *
A troll comes into view.
The orc high priest invokes the aid of Beogh against you.
Pain shoots through your body!
You die...

.............#.###.##
...###..............#
....####.##..#.....##
.#.## #...######....#
....# ##.## ##).##
.#.## ### #...# ...#
##..## .....
##.#[§..##### ......
#....@...)))). ......
.......§.######.
..#### ###....o)# ###
##.)○○§# # #..☼○3#
##o.4§. #o§§## ○T8..


You could see Saint Roka (inner flame), an orc high priest (inner flame,
strong), a troll, a sixfirhy (summoned), a chaos spawn (summoned) and an orc
priest (strong).

Vanquished Creatures
  Snorg (D:10)
  Harold (D:7)
  Erolcha (D:10)
  3 hydras (D:13)
  2 boulder beetles (D:12)
  2 centaur warriors
  2 two-headed ogres
  2 tengu warriors (D:10)
  The ghost of Elsvaer the Thaumaturge, a novice DECj of Vehumet (D:8)
  An orc knight (D:10)
  3 orc sorcerers
  A manticore (shapeshifter) (D:13)
  3 cyclopes
  6 ugly things
  2 manticores
  Maurice (D:11)
  A centaur zombie (D:11)
  Psyche (D:8)
  3 trolls
  3 wraiths
  6 yaks (D:10)
  Eustachio (D:5)
  A wyvern (D:8)
  A basilisk (D:8)
  2 vampire mosquitoes (D:10)
  7 wargs
  2 acid dragons
  3 water moccasins
  2 ice beasts (D:6)
  A sky beast (D:6)
  14 orc warriors
  5 wolves (Orc:1)
  8 ogres
  5 centaurs
  3 phantoms
  A kobold brigand (D:9)
  4 bullfrogs
  A scorpion (D:5)
  A wyvern zombie (D:7)
  3 water moccasin skeletons
  13 killer bees
  5 howler monkeys
  13 wights
  2 electric eels (D:12)
  3 jellies
  11 orc priests
  2 hounds (D:5)
  2 gnoll shamans (D:8)
  A bullfrog skeleton (D:3)
  2 centaur skeletons
  Jessica (D:3)
  5 orc wizards
  7 gnolls
  6 adders
  2 shadow imps
  A white imp (D:6)
  2 ufetubi
  An adder skeleton (D:4)
  3 worms
  2 dart slugs
  67 orcs
  6 bats
  6 endoplasms
  4 giant cockroaches
  15 goblins
  6 hobgoblins
  2 jackals (D:5)
  8 kobolds
  3 quokkas
  9 ball pythons
  2 frilled lizards
  6 rats
329 creatures vanquished.

Vanquished Creatures (collateral kills)
  A kobold demonologist (D:13)
  The ghost of Allula97 the Chopper, an amateur DsMo (D:3)
  An orc priest (Orc:1)
  2 orc wizards (Orc:2)
  A gnoll (D:2)
  2 orcs
8 creatures vanquished.

Vanquished Creatures (others)
  5 ancestors
  1136 foxfires
1141 creatures vanquished.

Grand Total: 1478 creatures vanquished

Notes
Turn   | Place    | Note
-------+----------+-------------------------------------------
     0 | D:1      | 101zpm the Djinni Fire Elementalist began the quest for the
                  | Orb.
     0 | D:1      | Reached XP level 1. HP: 15/15 MP: 0/0
    65 | D:1      | Reached XP level 2. HP: 10/21 MP: 0/0
   357 | D:3      | Reached skill level 3 in Spellcasting
   368 | D:2      | Reached XP level 3. HP: 24/25 MP: 0/0
   368 | D:2      | Learned a level 1 spell: Summon Small Mammal
   432 | D:2      | Reached XP level 4. HP: 28/31 MP: 0/0
   536 | D:2      | You are sucked into a shaft and drop 2 floors!
   659 | D:4      | Found Xitakhloff's Weapon Shoppe.
   793 | D:4      | Noticed a phantom
   799 | D:4      | Killed a phantom
   800 | D:4      | Reached skill level 4 in Spellcasting
   800 | D:4      | Reached XP level 5. HP: 33/35 MP: 0/0
   800 | D:4      | Learned a level 2 spell: Blink
   806 | D:5      | Entered Level 5 of the Dungeon
   825 | D:5      | Noticed a phantom
   831 | D:5      | Killed a phantom
   832 | D:5      | Reached XP level 6. HP: 29/40 MP: 0/0
   844 | D:5      | Noticed Eustachio
   851 | D:5      | Killed Eustachio
   852 | D:5      | Reached skill level 5 in Spellcasting
   852 | D:5      | Reached XP level 7. HP: 40/45 MP: 0/0
   852 | D:5      | Learned a level 2 spell: Static Discharge
  1034 | D:5      | Reached skill level 6 in Spellcasting
  1605 | D:5      | Identified the +1 leather armour of Neminucle {Will+}
  1939 | D:6      | Noticed a water moccasin
  1944 | D:6      | Killed a water moccasin
  1945 | D:6      | Reached XP level 8. HP: 47/50 MP: 0/0
  1955 | D:6      | Reached skill level 7 in Spellcasting
  1984 | D:6      | Found a staircase to the Ecumenical Temple.
  1992 | Temple   | Entered the Ecumenical Temple
  2212 | Temple   | Became a worshipper of Hepliaklqana the Forgotten
  2581 | D:6      | Reached skill level 8 in Spellcasting
  2581 | D:6      | Reached XP level 9. HP: 48/56 MP: 0/0
  2581 | D:6      | Learned a level 4 spell: Hailstorm
  2728 | D:6      | Found a white marble altar of Elyvilon.
  2733 | D:6      | Found a bloodstained altar of Trog.
  3209 | D:7      | Noticed Harold
  3215 | D:7      | Killed Harold
  3216 | D:7      | Reached skill level 9 in Spellcasting
  3498 | D:7      | Reached * piety under Hepliaklqana
  3787 | D:8      | Noticed Psyche
  3796 | D:8      | Killed Psyche
  3797 | D:8      | Reached skill level 10 in Spellcasting
  3797 | D:8      | Reached XP level 10. HP: 53/54 MP: 0/0
  4009 | D:8      | Found a runed translucent door.
  4032 | D:8      | Noticed Elsvaer's ghost (novice DECj)
  4311 | D:8      | Reached skill level 1 in Fighting
  4430 | D:8      | Reached skill level 11 in Spellcasting
  5106 | D:9      | Reached ** piety under Hepliaklqana
  5247 | D:9      | Found a staircase to the Lair.
  6581 | D:7      | Found a glowing silver altar of Zin.
  6826 | D:4      | Reached *** piety under Hepliaklqana
  7309 | D:3      | Found a transporter.
  7566 | D:3      | Found a transporter.
  7569 | D:3      | Noticed Allula97's ghost (amateur DsMo)
  7801 | D:3      | Noticed Jessica
  7805 | D:3      | Killed Jessica
  7933 | D:3      | Reached **** piety under Hepliaklqana
  8909 | D:1      | Found a faded altar of an unknown god.
  9865 | D:10     | Entered Level 10 of the Dungeon
 10016 | D:10     | Reached XP level 11. HP: 48/60 MP: 0/0
 10016 | D:10     | Learned a level 5 spell: Agony
 10022 | D:10     | Reached skill level 12 in Spellcasting
 10049 | D:10     | Found a staircase to the Orcish Mines.
 10100 | D:10     | Noticed a tengu warrior
 10104 | D:10     | Noticed a tengu warrior
 10107 | D:10     | Killed a tengu warrior
 10110 | D:10     | Killed a tengu warrior
 10141 | D:10     | Noticed an orc sorcerer
 10143 | D:10     | Noticed an orc knight
 10144 | D:10     | Noticed a soul eater
 10147 | D:10     | Killed an orc sorcerer
 10155 | D:10     | Noticed Snorg
 10157 | D:10     | Killed an orc knight
 10160 | D:10     | Killed Snorg
 10161 | D:10     | Reached skill level 13 in Spellcasting
 10691 | D:10     | Noticed Erolcha
 10712 | D:10     | Killed Erolcha
 10881 | D:11     | Reached ***** piety under Hepliaklqana
 10883 | D:11     | Noticed a cyclops
 10886 | D:11     | Killed a cyclops
 10887 | D:11     | Reached skill level 1 in Armour
 11044 | D:11     | Noticed a manticore
 11053 | D:11     | Killed a manticore
 11069 | D:11     | Noticed a two-headed ogre
 11073 | D:11     | Killed a two-headed ogre
 11074 | D:11     | Reached XP level 12. HP: 65/65 MP: 0/0
 11156 | D:11     | Noticed Maurice
 11160 | D:11     | Killed Maurice
 11553 | D:11     | Identified the +3 chain mail of Generosity {Harm rPois
                  | Regen+ Str-5 Int+4}
 11565 | D:11     | Noticed a centaur warrior
 11569 | D:11     | Killed a centaur warrior
 11570 | D:11     | Reached skill level 14 in Spellcasting
 11579 | D:11     | Identified the +3 leather armour of Cowardice {Harm Fly}
 11589 | D:11     | Identified a scroll of acquirement
 11592 | D:11     | Acquired 1224 gold pieces
 11637 | D:12     | Noticed a boulder beetle
 11657 | D:12     | Killed a boulder beetle
 11770 | D:12     | Found Vofak's Jewellery Emporium.
 11902 | D:12     | Found a transporter.
 11910 | D:12     | Found a viscous altar of Jiyva.
 11960 | D:12     | Noticed a boulder beetle
 12076 | D:12     | Found a transporter.
 12217 | D:12     | Killed a boulder beetle
 12318 | D:13     | Noticed a five-headed hydra
 12322 | D:13     | Killed a five-headed hydra
 12327 | D:13     | Noticed a soul eater
 12414 | Orc:1    | Entered Level 1 of the Orcish Mines
 12529 | D:13     | Found a runed translucent door.
 12544 | D:13     | Found a runed translucent door.
 12556 | D:13     | Found a runed translucent door.
 12556 | D:13     | Noticed a five-headed hydra
 12556 | D:13     | Noticed an eight-headed hydra
 12560 | D:13     | Killed an eight-headed hydra
 12563 | D:13     | Killed a five-headed hydra
 12564 | D:13     | Reached skill level 15 in Spellcasting
 12633 | D:13     | Noticed a centaur warrior
 12639 | D:13     | Killed a centaur warrior
 12698 | D:13     | Reached XP level 13. HP: 69/69 MP: 0/0
 12698 | D:13     | Learned a level 5 spell: Silence
 12868 | D:13     | Found a runed translucent door.
 13132 | D:13     | Identified the +1 robe of Senuisuw {Str+5 Dex+5 Slay-4}
 13992 | D:3      | Killed Allula97's ghost
 14822 | D:7      | Found a glowing silver altar of Zin.
 15055 | D:8      | Killed Elsvaer's ghost
 15308 | D:14     | Reached skill level 16 in Spellcasting
 15583 | Orc:2    | Entered Level 2 of the Orcish Mines
 15851 | Orc:2    | Noticed Saint Roka
 15870 | Orc:2    | HP: 1/69 [Saint Roka/divine providence (10)]
 15870 | Orc:2    | Killed from afar by an orc high priest

Illustrated notes

Levels and vault maps discovered:
D:1:      matt_arrival_refuge, layout_basic, basic_ecumenical_altar
D:2:      layout_loops_ring
D:3:      layout_basic, gammafunk_ghost_mausoleum, dk_noncrumbling_2,
          feat_on_display, uniq_jessica
D:4:      layout_loops_ring, serial_shops, kennysheep_mini_moat
D:5:      layout_layer_cave, chequers_serial_rivers_large_b, uniq_eustachio
D:6:      layout_loops_ring, mainiacjoe_overflow_catwalk_spiral,
          minmay_temple_entry_junction, amcnicky_mini_rare_corridor_liquid,
          minmay_ogre_servants
D:7:      layout_basic, mainiacjoe_overflow_alcove_4, lightli_orcish_oven,
          uniq_harold
D:8:      layout_loops_ring, special_room [special_room_orc],
          ebering_ghost_inner_flame, minmay_quadrilaterals, uniq_psyche
D:9:      layout_layer_cave, lair_entry_dummy
D:10:     layout_basic, orc_0_dummy, chequers_jeans, uniq_snorg, uniq_erolcha
D:11:     layout_gridville, uniq_maurice
D:12:     gammafunk_jiyva_shrine, layout_basic, serial_shops,
          nicolae_shop_behind_doors
D:13:     layout_roguey, minmay_statue_crystal_thing
D:14:     layout_long_grid, grunt_vaults_entry_fortified, worms_lemuel
Temple:   mainiacjoe_temple_bowtie_tessellation
Orc:1:    layout_diamond_mine, mines5_lemuel
Orc:2:    grunt_orc_community_town_hall, layout_caves,
          grunt_orc_community_big_house_1, grunt_orc_community_big_house_2,
          grunt_orc_community_house_1, grunt_orc_community_house_3,
          grunt_orc_community_house_1, grunt_orc_community_house_2,
          grunt_orc_community_house_2, grunt_orc_community_house_3,
          serial_shops, shop, basic_altar

Skill      XL: |  1  2  3  4  5  6  7  8  9 10 11 12 13 |
---------------+----------------------------------------+-----
Spellcasting   | 3 4 5 6 8 10 11 13 15 16 | 16.3
Stealth        | 2 3 4 |  4.0
Dodging        | 3 |  3.6
Fighting       | 1 |  1.4
Armour         | 1 2 3 |  3.3

Action                   |  1- 3 |  4- 6 |  7- 9 | 10-12 | 13-15 || total
-------------------------+-------+-------+-------+-------+-------++-------
 Cast: Foxfire           |    34 |    39 |   127 |   472 |   141 ||   813
       Summon Small Mamm |     4 |     2 |     6 |    42 |     2 ||    56
       Scorch            |     3 |    11 |    32 |   115 |    67 ||   228
       Inner Flame       |       |     4 |    54 |   125 |    63 ||   246
       Blink             |       |     2 |       |    13 |       ||    15
       Flame Wave        |       |       |       |       |     1 ||     1
Invok: Recall Ancestor   |       |       |       |     1 |       ||     1
  Use: Scroll            |       |       |       |    11 |     6 ||    17
Armor: Robe              |     3 |       |     1 |     1 |       ||     5
       Troll leather arm |       |       |       |     5 |     9 ||    14
Dodge: Dodged            |    14 |     2 |     3 |    20 |    16 ||    55
